[Event "Titled Tuesday Blitz November 08 Early 2022"]
[White "Koziorowicz, Michal"]
[Black "Ronka, Erik"]
[WhiteFideId "21809194"]
[BlackFideId "505080"]
[WhiteElo "2775"]
[BlackElo "2514"]
[Result "1/2-1/2"]
[Round "04"]
[TimeControl "180+1"]
[Date "2022.11.09"]
[WhiteClock "0:00:09"]
[BlackClock "0:00:06"]

1. e4 c5 2. Nf3 e6 3. c3 Nf6 4. e5 Nd5 5. d4 cxd4 6. cxd4 d6 7. Nc3 Nxc3 8. bxc3 Qc7 9. Bd2 Nd7 10. exd6 Bxd6 11. Bd3 O-O 12. Ng5 Nf6 13. Qf3 e5 14. O-O exd4 15. h3 h6 16. Ne4 Nxe4 17. Qxe4 f5 18. Qd5+ Kh8 19. cxd4 Bd7 20. Rac1 Bc6 21. Qe6 Qd7 22. Qg6 Bd5 23. Rfe1 Bxa2 24. Re3 Bd5 25. Rce1 a5 26. Re6 Bxe6 27. Rxe6 Rad8 28. Bxf5 Qf7 29. Rxd6 Rxd6 30. Qxd6 Qxf5 31. Be3 a4 32. Qb4 b5 33. d5 Rd8 34. Qxb5 Qxd5 35. Qxa4 Qd1+ 36. Qxd1 Rxd1+ 37. Kh2 Kh7 38. Kg3 Kg6 39. Kf3 Rd7 40. g4 Kf6 41. Kg3 Ke5 42. f3 Rd3 43. Bc1 Rb3 44. h4 Ke6 45. Bf4 Rd3 46. Bc1 Rc3 47. Bd2 Rd3 48. Bb4 Rd7 49. Bc3 Rf7 50. Ba1 h5 51. gxh5 Kf5 52. Bd4 Rd7 53. Be3 Re7 54. Bg5 Rf7 55. h6 gxh6 56. Bxh6 Rh7 57. Bg5 Kg6 58. Kg4 Rf7 59. f4 Rb7 60. h5+ Kh7 61. Bf6 Rb6 62. Kg5 Rb5+ 63. Be5 Rb1 64. f5 Rg1+ 65. Kf6 Rh1 66. Ke6 Rxh5 67. f6 Kg6 68. f7 Rf5 69. Bd6 Rxf7 70. Be7 Rf5 71. Bd6 Rf1 72. Kd7 Rd1 73. Kc6 Kf5 74. Bb8 Ke6 75. Kb7 Rc1 76. Ka8 Kd5 77. Kb7 Rb1+ 78. Ka8 Kc6 79. Ba7 Rf1 80. Bb8 Rf7 81. Bh2 Kb6 82. Bg1+ Ka6 83. Bh2 Rh7 84. Bg3 Rb7 85. Bh2 Ra7+ 86. Kb8 Rh7 87. Bg3 Kb6 88. Bf2+ Kc6 89. Bg3 Rh8+ 90. Ka7 Rh3 91. Bf2 Kc7 92. Ka8 Rf3 93. Bg1 Rf1 94. Bd4 Kc6 95. Kb8 Rd1 96. Bf2 Rb1+ 97. Ka8 Rf1 98. Bd4 Kd5 99. Bb6 Kc6 100. Ba7 Rf8+ 101. Bb8 Rf7 102. Ba7 Kb5 103. Bb8 Ka6 104. Bd6 Rd7 105. Bb8 Rh7 106. Be5 Kb6 107. Bb8 Kc6 108. Be5 Rh1 109. Bb8 Rb1 110. Ba7 Kc7 111. Bc5 Kc8 112. Ba7 Rb5 113. Bf2 Kc7 114. Bg3+ Kc6 115. Bf2 Rf5 116. Ba7 Rf7 117. Bb8 Rf8 118. Ka7 Kb5 119. Ka8 Kb6 1/2-1/2


[Site "https://www.chess.com"]

[Event "Titled Tuesday Blitz November 08 Early 2022"]
[White "Kravtsiv, Martyn"]
[Black "Le, Tuan Minh"]
[WhiteFideId "14113147"]
[BlackFideId "12401153"]
[WhiteElo "2694"]
[BlackElo "2530"]
[Result "0-1"]
[Round "04"]
[TimeControl "180+1"]
[Date "2022.11.08"]
[WhiteClock "0:00:01"]
[BlackClock "0:00:05"]

1. e4 c5 2. Nf3 Nf6 3. Nc3 d5 4. exd5 Nxd5 5. Bb5+ Bd7 6. Ne5 Nf6 7. a4 e6 8. d3 a6 9. Bxd7+ Nbxd7 10. Nc4 b5 11. Ne3 b4 12. Ne4 Be7 13. O-O O-O 14. Nc4 Qc7 15. Re1 Nb6 16. Nxb6 Qxb6 17. b3 Nxe4 18. Rxe4 Bf6 19. Rb1 Rfd8 20. Qe2 Bd4 21. Bf4 Rd5 22. Bg3 h6 23. Kh1 Qc6 24. f3 Re8 25. Re1 e5 26. Qf1 Bc3 27. Rd1 f5 28. Re2 Qg6 29. Be1 Bd4 30. Bf2 Qf6 31. Qe1 Bc3 32. Qg1 Rc8 33. Rf1 Bd4 34. Rfe1 a5 35. h3 Kh7 36. Qh2 Bc3 37. Rf1 Re8 38. Qg1 Qc6 39. Be1 Bd4 40. Bf2 Rd6 41. Rfe1 Rde6 42. Qh2 Bc3 43. Rf1 e4 44. dxe4 fxe4 45. f4 e3 46. Be1 c4 47. Bxc3 bxc3 48. f5 Rf6 49. bxc4 Qxc4 50. g4 Rd8 51. Rfe1 Rd2 52. Qg2 Qxa4 53. Qf3 Rxc2 54. g5 hxg5 55. Rxe3 Qh4 56. Kg1 Rd2 57. Qg4 Qf2+ 58. Kh1 Qh2# 0-1


[Site "https://www.chess.com"]

[Event "Titled Tuesday Blitz November 08 Early 2022"]
[White "Kuchava, Ana"]
[Black "Hernandez Jimenez, Alexander Andres"]
[WhiteFideId "13605348"]
[BlackFideId "3900452"]
[WhiteElo "2001"]
[BlackElo "2098"]
[Result "0-1"]
[Round "04"]
[TimeControl "180+1"]
[Date "2022.11.09"]
[WhiteClock "0:00:18"]
[BlackClock "0:00:24"]

1. d4 Nf6 2. Nf3 b5 3. e3 a6 4. c4 b4 5. Bd3 e6 6. O-O Bb7 7. a3 a5 8. axb4 axb4 9. Rxa8 Bxa8 10. Nbd2 Be7 11. e4 d5 12. cxd5 exd5 13. e5 Ne4 14. Qe2 Nxd2 15. Bxd2 O-O 16. Rc1 Nd7 17. Bf4 c5 18. dxc5 Nxc5 19. Bb1 Ne4 20. Nd2 Nxd2 21. Bxd2 Bg5 22. f4 Bh6 23. Qd3 g6 24. Bxb4 Bxf4 25. Bxf8 Bxc1 26. Ba3 Qb6+ 27. Kf1 Bxb2 28. Bd6 Bc6 29. Ba2 Bb5 0-1


[Site "https://www.chess.com"]

[Event "Titled Tuesday Blitz November 08 Early 2022"]
[White "Kukula, Pawel"]
[Black "Boros, Denes"]
[WhiteFideId "1115081"]
[BlackFideId "722340"]
[WhiteElo "2512"]
[BlackElo "2768"]
[Result "0-1"]
[Round "04"]
[TimeControl "180+1"]
[Date "2022.11.09"]
[WhiteClock "0:00:01"]
[BlackClock "0:01:30"]

1. e4 c6 2. d4 g6 3. Nc3 Bg7 4. Be3 d6 5. Qd2 b5 6. O-O-O Qa5 7. Kb1 a6 8. h4 h6 9. f3 Nd7 10. Nh3 Nb6 11. Bd3 b4 12. Ne2 Na4 13. Nc1 Be6 14. Nb3 Bxb3 15. cxb3 Nb6 16. Rc1 Rc8 17. Qe2 Nf6 18. g4 O-O 19. Rc2 c5 20. dxc5 dxc5 21. Rhc1 Nfd7 22. Nf4 Rfe8 23. g5 h5 24. Nd5 Nxd5 25. exd5 Qb6 26. Bxa6 Rb8 27. f4 e6 28. Bc4 exd5 29. Bxd5 Bd4 30. Qc4 Rxe3 31. Bxf7+ Kg7 32. f5 Ne5 33. f6+ Kf8 34. Qd5 Nxf7 35. Rd2 Qd6 36. Qc4 Ne5 0-1


[Site "https://www.chess.com"]

[Event "Titled Tuesday Blitz November 08 Early 2022"]
[White "Kuznetsova, Olga"]
[Black "Ciuffoletti, Paolo"]
[WhiteFideId "4191323"]
[BlackFideId "807630"]
[WhiteElo "2134"]
[BlackElo "2143"]
[Result "1-0"]
[Round "04"]
[TimeControl "180+1"]
[Date "2022.11.09"]
[WhiteClock "0:01:44"]
[BlackClock "0:00:10"]

1. d4 d5 2. Bf4 Nf6 3. e3 c5 4. c3 Nc6 5. Nd2 cxd4 6. exd4 g6 7. Bd3 Bg7 8. Ngf3 Bg4 9. h3 Bxf3 10. Qxf3 O-O 11. O-O a6 12. Rfe1 b5 13. a3 Na5 14. Qe3 Re8 15. Bh6 Bh8 16. Nf3 Nc4 17. Bxc4 bxc4 18. Ng5 Qd6 19. Rad1 Nd7 20. Qf3 Bf6 21. Qg4 Bxg5 22. Bxg5 Nf6 23. Qh4 Rab8 24. Re2 Rb7 25. Rde1 Reb8 26. Bc1 Kg7 27. Bf4 Qd8 28. Bxb8 Rxb8 29. Rxe7 Rxb2 30. R1e6 Ne4 31. Rxe4 1-0


[Site "https://www.chess.com"]

[Event "Titled Tuesday Blitz November 08 Early 2022"]
[White "Ladan, Nicholas"]
[Black "Manon-og, Ramon Jr."]
[WhiteFideId "30918855"]
[BlackFideId "5200776"]
[WhiteElo "2167"]
[BlackElo "2278"]
[Result "1-0"]
[Round "04"]
[TimeControl "180+1"]
[Date "2022.11.09"]
[WhiteClock "0:00:40"]
[BlackClock "0:00:07"]

1. d4 Nf6 2. c4 g6 3. g3 d5 4. cxd5 Nxd5 5. Bg2 Bg7 6. Nf3 O-O 7. Nc3 c5 8. O-O cxd4 9. Nxd4 Nxc3 10. bxc3 Qa5 11. Qb3 Nd7 12. Rd1 Nc5 13. Qc4 Na4 14. Nb3 Qxc3 15. Qxa4 Qc2 16. Be3 Bxa1 17. Rxa1 Qxe2 18. Qd4 Bf5 19. Bh6 e5 20. Qd6 Qa6 21. Bxf8 Rxf8 22. Qxa6 bxa6 23. Rc1 Rb8 24. Rc7 e4 25. g4 Bxg4 26. Bxe4 Be6 27. Rxa7 1-0


[Site "https://www.chess.com"]

[Event "Titled Tuesday Blitz November 08 Early 2022"]
[White "Lazavik, Denis"]
[Black "Kodinets, Konstantin L."]
[WhiteFideId "13515110"]
[BlackFideId "4122011"]
[WhiteElo "2997"]
[BlackElo "2628"]
[Result "1-0"]
[Round "04"]
[TimeControl "180+1"]
[Date "2022.11.09"]
[WhiteClock "0:00:09"]
[BlackClock "0:00:10"]

1. d4 d6 2. Nf3 Nf6 3. c4 Nbd7 4. Nc3 c6 5. g3 e5 6. e4 Be7 7. Bg2 O-O 8. O-O a6 9. Qc2 Re8 10. h3 Qc7 11. Be3 b5 12. dxe5 Nxe5 13. Nxe5 dxe5 14. Rac1 b4 15. Na4 c5 16. Rfd1 Bd7 17. Rd2 Red8 18. Rcd1 Bxa4 19. Qxa4 Rd4 20. Bxd4 cxd4 21. c5 Bxc5 22. Rc2 Qb6 23. Rdc1 Rc8 24. Rc4 d3 25. Kh2 d2 26. Rd1 Rd8 27. Qc2 Bxf2 28. Rxd2 Bd4 29. Rd1 h5 30. Rc6 Qa7 31. Rc7 Qb8 32. Qc4 Rf8 33. Rd2 a5 34. Rc2 Qb6 35. Rc8 Rxc8 36. Qxc8+ Kh7 37. Qf5+ g6 38. Qf3 Kg7 39. Bf1 a4 40. Bc4 a3 41. bxa3 bxa3 42. Bb3 Qa5 43. Re2 Qc5 44. Kg2 Qc1 45. Qf1 Qc8 46. Rc2 Qd7 47. Qf3 Qa7 48. Rc1 Qa5 49. Rf1 Qb6 50. g4 hxg4 51. hxg4 g5 52. Qf5 Be3 53. Qxe5 Bf4 54. Qe7 1-0


[Site "https://www.chess.com"]

[Event "Titled Tuesday Blitz November 08 Early 2022"]
[White "Lehtosaari, Mauri"]
[Black "Liyanage, Ranindu Dilshan"]
[WhiteFideId "501999"]
[BlackFideId "9915834"]
[WhiteElo "2522"]
[BlackElo "2780"]
[Result "0-1"]
[Round "04"]
[TimeControl "180+1"]
[Date "2022.11.09"]
[WhiteClock "0:00:02"]
[BlackClock "0:00:04"]

1. d4 Nf6 2. Nf3 e6 3. Bg5 d5 4. Nbd2 Nbd7 5. e3 b6 6. Bd3 Bb7 7. O-O Be7 8. c3 c5 9. Ne5 Nxe5 10. dxe5 Nd7 11. Bxe7 Qxe7 12. f4 O-O 13. Qh5 g6 14. Qh6 f6 15. exf6 Nxf6 16. Rae1 e5 17. e4 c4 18. Bc2 Ng4 19. Qh3 Qc5+ 20. Kh1 Nf2+ 21. Rxf2 Qxf2 22. Nf3 dxe4 23. Qe6+ Rf7 24. Bxe4 Bxe4 25. Rxe4 Rd8 26. h4 Qg3 27. Re1 Qxf4 28. Qxe5 Qxe5 29. Rxe5 Rdd7 30. Re4 Rc7 31. Re8+ Rf8 32. Re4 Rd8 33. Ng5 h6 34. Nf3 Rf7 35. Kh2 Kg7 36. Kg3 Rdd7 37. Rxc4 Rfe7 38. Rc6 Rd1 39. a4 Ra1 40. b3 Ra3 41. b4 Rxa4 42. Nd4 Ra1 43. Ne6+ Kf7 44. Nf4 Rd1 45. Nxg6 Re3+ 46. Kg4 Re2 47. g3 Rg1 48. Nf4 Re3 49. Rc7+ Ke8 50. Nh5 Rc1 51. Kf4 Rexc3 52. Rxa7 R1c2 53. Kf5 Rc4 54. Ke6 Rc6+ 55. Kf5 R2c4 56. Nf6+ Kd8 57. Ke5 Rxb4 58. Rd7+ Kc8 59. Rh7 Rb5+ 60. Nd5 Rcc5 61. Rh8+ Kb7 62. Rh7+ Ka6 63. Rd7 Rb2 64. g4 Re2+ 65. Kf5 Rd2 66. Ke5 b5 67. g5 hxg5 68. hxg5 b4 69. g6 b3 70. g7 Rg2 71. Rd8 b2 72. Rb8 Rb5 0-1


[Site "https://www.chess.com"]

[Event "Titled Tuesday Blitz November 08 Early 2022"]
[White "Levine, David"]
[Black "Valle Maytin, Luis Enrique"]
[WhiteFideId "2011611"]
[BlackFideId "3503666"]
[WhiteElo "2173"]
[BlackElo "2225"]
[Result "0-1"]
[Round "04"]
[TimeControl "180+1"]
[Date "2022.11.09"]
[WhiteClock "0:00:07"]
[BlackClock "0:00:51"]

1. d4 Nf6 2. c4 e6 3. g3 c5 4. d5 d6 5. Bg2 Be7 6. Nc3 O-O 7. Nf3 Re8 8. O-O Nbd7 9. h3 Nf8 10. e4 e5 11. Ne1 a6 12. a4 Bd7 13. a5 b5 14. axb6 Qxb6 15. f4 Bc8 16. f5 N6d7 17. g4 Qb4 18. Ra4 Qb8 19. Qd3 Nb6 20. Ra2 a5 21. g5 f6 22. Nf3 a4 23. gxf6 Bxf6 24. Bg5 Nfd7 25. Bxf6 Nxf6 26. Ng5 Ba6 27. Qg3 Bxc4 28. Raa1 Bxf1 29. Bxf1 Re7 30. Re1 Nbd7 31. Re2 Nf8 32. Rg2 a3 33. bxa3 Rxa3 34. Qe3 Qb4 35. Rg3 Qd4 36. h4 Rxc3 37. Rh3 Rxe3 0-1


[Site "https://www.chess.com"]

[Event "Titled Tuesday Blitz November 08 Early 2022"]
[White "Lewtak, Damian"]
[Black "Rios Escobar, Adan"]
[WhiteFideId "1141724"]
[BlackFideId "3403645"]
[WhiteElo "2329"]
[BlackElo "2357"]
[Result "1-0"]
[Round "04"]
[TimeControl "180+1"]
[Date "2022.11.09"]
[WhiteClock "0:00:29"]
[BlackClock "0:00:10"]

1. e4 c5 2. Nf3 d6 3. Bb5+ Nd7 4. O-O a6 5. Bd3 Ngf6 6. c3 g6 7. Bc2 Bg7 8. d4 O-O 9. h3 b5 10. e5 Ne8 11. exd6 Nxd6 12. dxc5 Nxc5 13. Be3 Ne6 14. Nbd2 Bb7 15. Nb3 Qc7 16. Nbd4 Nxd4 17. Bxd4 Bxf3 18. gxf3 Bxd4 19. Qxd4 Rad8 20. Qf4 Rfe8 21. Rfe1 Qc4 22. Qxc4 Nxc4 23. b3 Nb6 24. Rad1 Nd5 25. c4 bxc4 26. bxc4 Nb4 27. Bb3 Nd3 28. Re3 Nc5 29. Rxd8 Rxd8 30. Rxe7 Rd3 31. Bc2 Rxf3 32. Rc7 Ne6 33. Rc8+ Kg7 34. Bb3 Nd4 35. Ba4 Rxh3 36. c5 Ra3 37. Be8 Ne6 38. c6 Rc3 39. Bd7 Kf6 40. Ra8 Nc5 41. c7 Nxd7 42. c8=Q Rxc8 43. Rxc8 Ke6 44. Rc6+ Kd5 45. Rxa6 Ne5 46. Kf1 h5 47. Rb6 h4 48. Rb8 g5 49. a4 Nc6 50. Rf8 Ke6 51. Rg8 f6 52. Kg2 f5 53. Rxg5 Ke5 54. Rh5 Ke4 55. Rxh4+ Kd3 56. Rf4 Kc3 57. Rxf5 Kb3 58. Rf4 Na5 59. f3 Kc3 60. Kg3 Kb3 61. Rf5 Nc4 62. Rc5 Nb6 63. Rb5+ Kxa4 64. Rxb6 Ka5 65. Re6 Ka4 66. f4 Ka5 67. f5 Kb5 68. f6 Kb4 69. f7 Kc5 70. f8=Q+ Kd5 71. Qf5+ Kd4 72. Re4+ Kd3 73. Qf3+ Kd2 74. Re2+ Kd1 75. Qf1# 1-0


[Site "https://www.chess.com"]

[Event "Titled Tuesday Blitz November 08 Early 2022"]
[White "Lohani, Sujana"]
[Black "Lakshmi C"]
[WhiteFideId "12311987"]
[BlackFideId "25035347"]
[WhiteElo "1691"]
[BlackElo "1865"]
[Result "0-1"]
[Round "04"]
[TimeControl "180+1"]
[Date "2022.11.09"]
[WhiteClock "0:00:01"]
[BlackClock "0:01:13"]

1. d4 Nf6 2. Nf3 e6 3. c4 b6 4. Nc3 Bb7 5. g3 Be7 6. Bg2 O-O 7. O-O Ne4 8. Qc2 Nxc3 9. bxc3 f5 10. Rd1 d6 11. Ba3 Nd7 12. Rab1 Be4 13. Qb3 Bxb1 14. Rxb1 Rc8 15. c5 d5 16. c6 Nf6 17. Bxe7 Qxe7 18. Ne5 Ng4 19. Qa4 Nxe5 20. dxe5 Qc5 21. Rb3 f4 22. gxf4 a6 23. e3 Ra8 24. Bf1 b5 25. Qb4 Qxc6 26. Bg2 Qb6 27. Qd4 c5 28. Qd2 Rad8 29. Rb2 d4 30. exd4 cxd4 31. cxd4 Rxd4 0-1


[Site "https://www.chess.com"]

[Event "Titled Tuesday Blitz November 08 Early 2022"]
[White "Luxama, Jacques Muller"]
[Black "Yeremyan, Alen"]
[WhiteFideId "11900113"]
[BlackFideId "13308998"]
[WhiteElo "1931"]
[BlackElo "2159"]
[Result "0-1"]
[Round "04"]
[TimeControl "180+1"]
[Date "2022.11.09"]
[WhiteClock "0:00:03"]
[BlackClock "0:00:07"]

1. e4 c5 2. Nf3 Nc6 3. d4 cxd4 4. Nxd4 Nf6 5. Nc3 e5 6. Ndb5 d6 7. Nd5 Nxd5 8. exd5 Nb8 9. a4 Be7 10. Be2 O-O 11. O-O f5 12. f4 Nd7 13. c4 a6 14. Na3 g5 15. fxe5 Nxe5 16. b4 f4 17. Nc2 Bf6 18. Ra3 Bd7 19. c5 Rc8 20. cxd6 Qb6+ 21. Kh1 Qxd6 22. b5 Nc4 23. Rb3 axb5 24. axb5 Bf5 25. Nd4 Be4 26. Ne6 Rf7 27. Bf3 Ne3 28. Bxe3 Bc2 29. Qc1 fxe3 30. Rxe3 Qd7 31. Qa3 Qxb5 32. Rfe1 Bg6 33. Bg4 Re7 34. d6 Ree8 35. Nd4 Rxe3 36. Qxe3 Bxd4 37. Qe6+ Kg7 38. Qxc8 Qb4 39. Qe6 Bc5 40. d7 Bf7 41. Qxf7+ Kxf7 0-1


[Site "https://www.chess.com"]

[Event "Titled Tuesday Blitz November 08 Early 2022"]
[White "Makhmudov, Shukhrat"]
[Black "Skibbe, Willi"]
[WhiteFideId "14200775"]
[BlackFideId "4682190"]
[WhiteElo "2135"]
[BlackElo "2374"]
[Result "1-0"]
[Round "04"]
[TimeControl "180+1"]
[Date "2022.11.09"]
[WhiteClock "0:00:14"]
[BlackClock "0:00:01"]

1. e4 e5 2. Nf3 Nc6 3. Bc4 Nf6 4. Ng5 d5 5. exd5 Na5 6. Bb5+ c6 7. dxc6 bxc6 8. Qf3 Be7 9. Bd3 O-O 10. h3 Rb8 11. O-O c5 12. b3 Rb4 13. Re1 Bb7 14. Qf5 e4 15. Nxe4 Nxe4 16. Bxe4 Bxe4 17. Rxe4 Bf6 18. Nc3 Rxe4 19. Qxe4 Re8 20. Qd3 Re1+ 21. Kh2 Qc7+ 22. g3 Bxc3 23. dxc3 Nc6 24. Bb2 Ne5 25. Qf5 g6 26. Qf4 Re2 27. c4 1-0


[Site "https://www.chess.com"]

[Event "Titled Tuesday Blitz November 08 Early 2022"]
[White "Makridis, Dimitrios"]
[Black "Brown, Andrew"]
[WhiteFideId "25864475"]
[BlackFideId "3206513"]
[WhiteElo "2272"]
[BlackElo "2245"]
[Result "1-0"]
[Round "04"]
[TimeControl "180+1"]
[Date "2022.11.09"]
[WhiteClock "0:00:06"]
[BlackClock "0:00:05"]

1. b3 e5 2. Bb2 Nc6 3. e3 d5 4. Bb5 Bd6 5. d4 e4 6. c4 Nf6 7. Nc3 a6 8. Ba4 O-O 9. Bxc6 bxc6 10. c5 Be7 11. h3 a5 12. Nge2 Ba6 13. O-O h6 14. Re1 Nh7 15. Nf4 g5 16. Nh5 f5 17. Ng3 Nf6 18. Nxf5 Qd7 19. Nxh6+ Kg7 20. Ng4 Nxg4 21. Qxg4 Qxg4 22. hxg4 Rf6 23. Ne2 Bc8 24. Ng3 Bxg4 25. Bc3 a4 26. bxa4 Rxa4 27. Reb1 Ra8 28. a4 Rh8 29. a5 Rfh6 30. a6 Rh2 31. a7 Bf3 32. gxf3 exf3 33. a8=Q Rg2+ 34. Kf1 Rhh2 35. Qa2 g4 36. Ke1 Bh4 37. Qa7 Bxg3 38. Kd1 Rg1+ 39. Kc2 Rxf2+ 40. Kb3 Rxb1+ 41. Rxb1 Rg2 42. Be1 f2 43. Bxf2 Rxf2 44. Rg1 Rf3 45. Rxg3 1-0


[Site "https://www.chess.com"]

[Event "Titled Tuesday Blitz November 08 Early 2022"]
[White "Manukyan, Sargis A."]
[Black "Rosh Jain"]
[WhiteFideId "13303970"]
[BlackFideId "25789465"]
[WhiteElo "2187"]
[BlackElo "2233"]
[Result "1-0"]
[Round "04"]
[TimeControl "180+1"]
[Date "2022.11.09"]
[WhiteClock "0:01:41"]
[BlackClock "0:01:40"]

1. Nf3 d5 2. c4 e6 3. g3 Nf6 4. Bg2 c5 5. O-O Nc6 6. cxd5 exd5 7. d4 Bd6 8. Nc3 O-O 9. dxc5 Bxc5 10. Na4 Be7 11. Be3 Be6 12. Rc1 Rc8 13. Nc5 Bxc5 14. Bxc5 Re8 15. Nd4 Ne4 16. Nxc6 Rxc6 17. Bxa7 Ra6 18. Bd4 Rxa2 19. Qb3 Ra5 20. Bb6 Nd2 21. Bxd8 Nxb3 22. Bxa5 Nxa5 23. Rc7 b5 24. Rc5 Bg4 1-0


[Site "https://www.chess.com"]

[Event "Titled Tuesday Blitz November 08 Early 2022"]
[White "Martinez Alcantara, Jose Eduardo"]
[Black "Goroshkov, Maksym"]
[WhiteFideId "3805662"]
[BlackFideId "14142716"]
[WhiteElo "2705"]
[BlackElo "2257"]
[Result "1-0"]
[Round "04"]
[TimeControl "180+1"]
[Date "2022.11.08"]
[WhiteClock "0:02:00"]
[BlackClock "0:00:21"]

1. e4 e5 2. Nf3 d6 3. Nc3 Nf6 4. Bc4 Be7 5. d3 O-O 6. a3 Nc6 7. Ba2 Bg4 8. h3 Bh5 9. g4 Nxg4 10. hxg4 Bxg4 11. Be3 Nd4 12. Bxd4 exd4 13. Nd5 c6 14. Nxe7+ Qxe7 15. Rg1 h5 16. Rxg4 hxg4 17. Nxd4 Qe5 18. c3 g3 19. Qg4 gxf2+ 20. Kxf2 Qh2+ 21. Qg2 Qh4+ 22. Qg3 Qf6+ 23. Nf3 d5 24. Rh1 Rfe8 25. Qh3 g6 26. e5 Qg7 27. d4 Re7 28. Bb1 Rae8 29. Bd3 f5 30. Rg1 c5 31. Bxf5 gxf5 32. Rxg7+ Rxg7 33. Qxf5 cxd4 34. cxd4 Rf8 35. Qe6+ Rgf7 36. Ke3 Kg7 37. Nh4 Rf2 38. Qxd5 R2f4 39. Qg2+ Kh7 40. Ng6 Rf3+ 41. Qxf3 Rxf3+ 42. Kxf3 Kxg6 43. Ke4 Kf7 44. d5 Ke7 45. Kf5 Kf7 46. e6+ Ke7 47. Ke5 1-0


[Site "https://www.chess.com"]

[Event "Titled Tuesday Blitz November 08 Early 2022"]
[White "Matinian, Nikita"]
[Black "Andrews, Todd"]
[WhiteFideId "24129100"]
[BlackFideId "2012456"]
[WhiteElo "2422"]
[BlackElo "2441"]
[Result "1-0"]
[Round "04"]
[TimeControl "180+1"]
[Date "2022.11.09"]
[WhiteClock "0:00:21"]
[BlackClock "0:00:10"]

1. e4 e6 2. d4 d5 3. Nc3 Bb4 4. e5 c5 5. a3 Bxc3+ 6. bxc3 Qc7 7. Qg4 f5 8. Qg3 cxd4 9. cxd4 Ne7 10. Bd3 O-O 11. Ne2 b6 12. h4 Ba6 13. h5 Bxd3 14. cxd3 Nbc6 15. h6 g6 16. Bg5 f4 17. Qg4 Nf5 18. Rc1 f3 19. gxf3 Qd7 20. Bf6 Rac8 21. O-O Nxh6 22. Qh3 Nf5 23. Qg4 Kf7 24. Kg2 h5 25. Qf4 Rg8 26. Kh2 Ke8 27. Rg1 Qf7 28. Rc2 Kd7 29. Rgc1 g5 30. Bxg5 Qg6 31. Rg1 Na5 32. Rxc8 Rxc8 33. Bh4 Qf7 34. Bf6 Nb3 35. Ng3 Nxg3 36. Rxg3 Rg8 37. Qh4 Rxg3 38. fxg3 Nd2 39. Qf4 Qg6 40. Qxd2 h4 41. g4 Kc6 42. Kh3 Kb7 43. Qd1 a5 44. Qf1 Ka6 45. f4 b5 46. f5 exf5 47. Qxf5 Qf7 48. Qc8+ Ka7 49. Qc5+ Ka6 50. Qd6+ Ka7 51. Qe7+ Qxe7 52. Bxe7 Kb6 53. e6 Kc6 54. g5 b4 55. axb4 a4 56. g6 Kb5 57. g7 a3 58. g8=Q a2 59. Qa8 a1=Q 60. Qxa1 Kc6 61. Qa6+ Kc7 62. Bd6+ Kd8 63. Qa8# 1-0


[Site "https://www.chess.com"]

[Event "Titled Tuesday Blitz November 08 Early 2022"]
[White "Matveeva, Olga"]
[Black "Raahul V S"]
[WhiteFideId "24107018"]
[BlackFideId "25035525"]
[WhiteElo "2055"]
[BlackElo "2233"]
[Result "0-1"]
[Round "04"]
[TimeControl "180+1"]
[Date "2022.11.09"]
[WhiteClock "0:00:06"]
[BlackClock "0:00:11"]

1. d4 d5 2. c4 dxc4 3. Nf3 a6 4. e3 Bg4 5. Bxc4 e6 6. h3 Bh5 7. g4 Bg6 8. Ne5 Nd7 9. Nxg6 hxg6 10. Nc3 Ngf6 11. Qc2 c5 12. g5 Nh5 13. h4 Rc8 14. d5 Nb6 15. Bb3 exd5 16. Bd2 Be7 17. O-O-O O-O 18. a3 d4 19. Ne4 c4 20. Ba2 d3 21. Qc3 Qd5 22. f3 Na4 23. Qa5 Qxa5 24. Bxa5 Nc5 25. Nd2 Ng3 26. Rh3 Nf5 27. Kb1 b5 28. e4 Nd4 29. Bc3 Ne2 30. Be5 Nd7 31. Bh2 f6 32. gxf6 Bxf6 33. h5 gxh5 34. Rxh5 Nd4 35. f4 Nc5 36. e5 Be7 37. Nxc4 bxc4 38. Bxc4+ Nce6 39. Bxd3 Rfd8 40. Bh7+ Kf7 41. f5 Nf8 42. e6+ Ke8 43. Be5 Ndxe6 44. fxe6 Rxd1+ 45. Ka2 Rd5 46. Bxg7 Rxh5 0-1


[Site "https://www.chess.com"]

[Event "Titled Tuesday Blitz November 08 Early 2022"]
[White "Mazurkiewicz, Michal"]
[Black "Peyrer, Konstantin"]
[WhiteFideId "1124943"]
[BlackFideId "1640879"]
[WhiteElo "2063"]
[BlackElo "2415"]
[Result "0-1"]
[Round "04"]
[TimeControl "180+1"]
[Date "2022.11.09"]
[WhiteClock "0:00:03"]
[BlackClock "0:01:19"]

1. e4 c6 2. d3 d5 3. Nd2 Qc7 4. Ngf3 Bg4 5. h3 Bh5 6. g4 Bg6 7. Bg2 Nd7 8. Qe2 e6 9. O-O O-O-O 10. Rb1 h5 11. g5 f6 12. b4 Bd6 13. b5 Ne7 14. Nd4 Nc5 15. bxc6 Nxc6 16. Nb5 Qa5 17. Nxd6+ Rxd6 18. Nb3 Nxb3 19. axb3 dxe4 20. dxe4 Nd4 21. Qc4+ Kb8 22. c3 Qxc3 23. Bb2 Qxc4 24. bxc4 Ne2+ 25. Kh2 e5 26. h4 Nf4 27. Bf3 Rd3 28. Bh1 Rh3+ 29. Kg1 Rxh4 30. f3 Rh3 31. Bc1 Rg3+ 32. Kh2 Rxg5 33. Bxf4 exf4 34. Rg1 Rc8 35. Rxg5 fxg5 36. Rg1 Rc5 37. Bg2 g4 38. fxg4 hxg4 39. Bf3 Rh5+ 40. Kg2 gxf3+ 41. Kxf3 Bf7 42. Rxg7 Bxc4 43. Kxf4 a5 0-1


[Site "https://www.chess.com"]

[Event "Titled Tuesday Blitz November 08 Early 2022"]
[White "Mazzilli, Piero"]
[Black "Estrada Nieto, Julian"]
[WhiteFideId "807087"]
[BlackFideId "5101018"]
[WhiteElo "2267"]
[BlackElo "2221"]
[Result "1-0"]
[Round "04"]
[TimeControl "180+1"]
[Date "2022.11.09"]
[WhiteClock "0:00:11"]
[BlackClock "0:00:40"]

1. e4 e5 2. Nf3 Nc6 3. Nc3 Nf6 4. d4 exd4 5. Nxd4 Bb4 6. Nxc6 bxc6 7. Bd3 d5 8. exd5 O-O 9. O-O cxd5 10. Bg5 c6 11. Qf3 Bd6 12. Rfe1 Rb8 13. Nd1 h6 14. Bxf6 Qxf6 15. Qxf6 gxf6 16. b3 Bd7 17. Ne3 Rfe8 18. Nf5 Bf8 19. c3 Re5 20. g4 Rbe8 21. Kf1 h5 22. h3 hxg4 23. hxg4 Ba3 24. f4 Rxe1+ 25. Rxe1 Bb2 26. Rxe8+ Bxe8 27. c4 dxc4 28. Bxc4 Kf8 29. Ke2 Bd7 30. Kf3 Be6 31. Ne3 Ke7 32. f5 Bd7 33. Ke4 Kd6 34. Bxf7 a5 35. Nc4+ Ke7 36. Nxb2 Kxf7 37. Nc4 Ke7 38. Kd4 a4 39. bxa4 c5+ 40. Kxc5 Bxa4 41. Ne3 Kd7 42. Nd5 Bd1 43. a4 Kc8 44. Nxf6 Bxa4 45. Kd6 Kd8 46. g5 Bc2 47. g6 Bxf5 48. g7 Bh7 49. Nxh7 1-0


[Site "https://www.chess.com"]

[Event "Titled Tuesday Blitz November 08 Early 2022"]
[White "Melikyan, Gnel"]
[Black "Jiang, Andrew"]
[WhiteFideId "54109990"]
[BlackFideId "30953510"]
[WhiteElo "2138"]
[BlackElo "1868"]
[Result "1-0"]
[Round "04"]
[TimeControl "180+1"]
[Date "2022.11.09"]
[WhiteClock "0:00:35"]
[BlackClock "0:00:04"]

1. e4 e5 2. Nf3 Nc6 3. d4 exd4 4. Nxd4 Bc5 5. Nxc6 Qf6 6. Qf3 dxc6 7. Nc3 Be6 8. Qg3 Bd6 9. f4 Qg6 10. Qf2 f5 11. e5 Bb4 12. Bd2 Ne7 13. a3 Bxc3 14. Bxc3 O-O-O 15. Qxa7 Nd5 16. Bd2 Qg4 17. Qf2 Rhe8 18. Be2 Qg6 19. O-O-O Nb6 20. Ba5 Bd5 21. Rhg1 Qe6 22. Bxb6 cxb6 23. Qxb6 Be4 24. b3 g5 25. g3 Qh6 26. Qf2 gxf4 27. gxf4 Rxd1+ 28. Bxd1 Rxe5 29. Rg8+ Kc7 30. Qg3 Re7 31. Qg5 Qd6 32. Rg7 Rxg7 33. Qxg7+ Kb6 34. Qe5 Qxe5 35. fxe5 Kc5 36. c4 f4 37. Bc2 Bg2 38. Bxh7 f3 39. Be4 Bh1 40. Bd3 f2 41. Bf1 Be4 42. Kd2 Kd4 43. e6 Bg6 44. e7 Ke5 45. Ke3 Ke6 46. Kxf2 Kxe7 47. Ke3 Kf6 48. Kd4 Bc2 49. b4 Bd3 50. Bxd3 1-0


[Site "https://www.chess.com"]